 Dungeon Crawl Stone Soup version 0.29.0-4-gdea44cf6ec (webtiles) character file.

Game seed: 15144759683016345399

414 qw the Cleaver (level 6, -1/52 HPs)
             Began as a Minotaur Berserker on Sept 10, 2022.
             Was a Priest of Trog.
             Slain by a white imp (5 damage)
             ... summoned by Eustachio
             ... on level 4 of the Dungeon.
             The game lasted 00:01:14 (3095 turns).

qw the Cleaver (Minotaur Berserker)                 Turns: 3095, Time: 00:01:15

Health: -1/52      AC:  9    Str: 24      XL:     6   Next: 60%
Magic:  5/5        EV:  8    Int:  1 (4)  God:    Trog [***...]
Gold:   359        SH:  0    Dex:  7 (9)  Spells: 5/5 levels left

rFire   . . .      SeeInvis .   Y - +1 hand axe
rCold   . . .      Faith    .   (no shield)
rNeg    . . .      Spirit   .   g - +0 chain mail
rPois   .          Reflect  .   (helmet restricted)
rElec   .          Harm     .   (no cloak)
rCorr   .          Rampage  .   i - +0 pair of gloves
Will    .....                   (no boots)
Stlth   ..........              (no amulet)
HPRegen 0.17/turn               (no ring)
MPRegen 0.09/turn               (no ring)

@: about to teleport, on berserk cooldown, slowed, very slow
A: horns 2, retaliatory headbutt
a: Renounce Religion, Berserk, Trog's Hand


You were on level 4 of the Dungeon.
You worshipped Trog.
Trog was most pleased with you.
You visited 1 branch of the dungeon, and saw 4 of its levels.

You collected 359 gold pieces.


Innate Abilities, Weirdness & Mutations

You have a pair of horns on your head.
You reflexively headbutt those who attack you in melee.


   Skills:
 - Level 4.2 Fighting
 + Level 8.6 Axes
 - Level 1.0 Throwing
 - Level 2.4 Armour
 - Level 2.1 Dodging


You had 5 spell levels left.
You didn't know any spells.
Your spell library was empty.

Inventory:

Hand Weapons
 j - a +2 mace of draining
 Y - a +1 hand axe (weapon)
Armour
 g - a +0 chain mail (worn)
 i - a +0 pair of gloves (worn)
Potions
 b - a potion of invisibility {unknown}
 c - a potion of brilliance {unknown}
 d - a potion of haste {unknown}
 e - a potion of attraction {unknown}
 f - a potion of resistance {unknown}
 h - a potion of flight {unknown}
 m - a potion of curing {unknown}
 n - a potion of might {unknown}

Dungeon Overview and Level Annotations

Branches:
Dungeon (4/15)
 Temple: D:4-7

Altars:
Hepliaklqana

Annotations:
D:4 Eustachio


Message History

Eustachio is heavily wounded.
Eustachio hits you with a +0 rapier!
You closely miss Eustachio. Your headbutt misses Eustachio.
Eustachio is heavily wounded.
Eustachio hits you with a +0 rapier. x2
You hit Eustachio but do no damage.
Eustachio is heavily wounded.
Eustachio hits you but does no damage.
You hit Eustachio.
Eustachio is severely wounded.
Eustachio hits you but does no damage.
You closely miss Eustachio. You headbutt Eustachio.
Eustachio is severely wounded.
Eustachio hits you with a +0 rapier.
You slash Eustachio!
You headbutt Eustachio, but do no damage.
Eustachio is almost dead.
Eustachio casts a spell.
Eustachio blinks!
Eustachio casts a spell.
Found an escape hatch in the floor.
The white imp hits you. The white imp freezes you.
You closely miss Eustachio. Your punch misses Eustachio.
Eustachio is almost dead.
You closely miss the white imp. Eustachio hits you with a +0 rapier.
The white imp gestures at you. The puff of frost hits you!
Eustachio hits you but does no damage.
3095 ||| READING scroll of teleportation.
As you read the scroll of teleportation, it crumbles to dust.
You feel strangely unstable.
The quasit bites you but does no damage.
The quasit claws you but does no damage. x2
The white imp gestures at you. The puff of frost hits you.
The quasit bites you.
You feel clumsy.
The quasit claws you but does no damage. x2
Eustachio casts a spell.
The white imp hits you. The white imp freezes you.
You die...

##. #.# .~ ..# #.# #.
##.. ... . ....####
#.#.# .#..#..#####
#.#.# .........%.###
#...
....#.####...####.#
......# ###).#.b.#
...#.########.#r@##.##
#..#.#
#.....).5@5.....#
.)...#
#..............##
..g###
#........#......> ...#
#............#... ...#
##.#.##.........# ...#
#.#.......###..# ##.#
..#.......####### ..#
..##.......##....##


You could see Eustachio, a quasit (summoned), a river rat (summoned), a white
imp (summoned) and a bat (summoned).

Vanquished Creatures
  An ogre (D:4)
  A centaur (D:4)
  A scorpion (D:3)
  A howler monkey (D:4)
  A hound (D:4)
  A gnoll (D:4)
  3 adders
  10 ball pythons
  11 endoplasms
  3 giant cockroaches
  11 goblins
  10 hobgoblins
  7 jackals (D:1)
  9 kobolds
  5 quokkas
  6 bats
  3 frilled lizards
  2 rats
86 creatures vanquished.

Notes
Turn   | Place    | Note
-------+----------+-------------------------------------------
     0 | D:1      | qw the Minotaur Berserker began the quest for the Orb.
     0 | D:1      | Reached XP level 1. HP: 19/19 MP: 0/0
     0 | D:1      | 0 ||| qw: Version: 0.1-a-116-g5d60599
     0 | D:1      | 0 ||| qw: Game counter: 7432
     0 | D:1      | 0 ||| qw: Always use a shield: true
     0 | D:1      | 0 ||| qw: Do Orc after D:15 true
     0 | D:1      | 0 ||| qw: Do second Lair branch before Depths: true
     0 | D:1      | 0 ||| qw: Lair rune preference: random
     0 | D:1      | 0 ||| qw: Plans: Normal
     0 | D:1      | 0 ||| PLANNING D:1-11
   157 | D:1      | Reached skill level 4 in Axes
   157 | D:1      | 157 ||| Stepping ~*~*~tactically~*~*~ (stealth).
   168 | D:1      | 168 ||| Stepping ~*~*~tactically~*~*~ (stealth).
   200 | D:1      | Reached XP level 2. HP: 13/26 MP: 1/1
   388 | D:1      | 388 ||| Stepping ~*~*~tactically~*~*~ (stealth).
   391 | D:1      | 391 ||| Stepping ~*~*~tactically~*~*~ (stealth).
   397 | D:1      | 397 ||| Stepping ~*~*~tactically~*~*~ (stealth).
   458 | D:1      | 458 ||| DROPPING +0 club.
   473 | D:1      | Reached skill level 5 in Axes
   537 | D:1      | 537 ||| Stepping ~*~*~tactically~*~*~ (stealth).
   575 | D:1      | Reached XP level 3. HP: 29/31 MP: 2/2
   604 | D:1      | Reached ** piety under Trog
   752 | D:1      | 752 ||| Stepping ~*~*~tactically~*~*~ (stealth).
   754 | D:1      | 754 ||| Stepping ~*~*~tactically~*~*~ (stealth).
   784 | D:1      | Reached skill level 1 in Throwing
   939 | D:1      | 939 ||| UPGRADING to +0 leather armour.
   949 | D:1      | 949 ||| DROPPING +0 animal skin.
   950 | D:1      | 950 ||| READING scroll labelled REMYIN CACIU.
   951 | D:1      | 951 ||| READING scroll labelled GARCHI UGHUENIR.
   952 | D:1      | 952 ||| READING scroll labelled JOMIDE OFYUSI.
   953 | D:1      | 953 ||| READING scroll labelled WIJAECA WETE.
  1054 | D:1      | 1054 ||| READING scroll labelled ALERARPHAMYO.
  1079 | D:2      | 1079 ||| STAIRDANCE
  1090 | D:2      | 1090 ||| STAIRDANCE
  1356 | D:2      | Found a faded altar of an unknown god.
  1600 | D:2      | Reached XP level 4. HP: 39/39 MP: 3/3
  1617 | D:2      | 1617 ||| Stepping ~*~*~tactically~*~*~ (stealth).
  1780 | D:2      | 1780 ||| UPGRADING to +0 pair of gloves.
  1785 | D:2      | 1785 ||| READING scroll labelled EMAOSOTIUTS.
  1953 | D:3      | Reached skill level 6 in Axes
  1956 | D:3      | 1956 ||| Stepping ~*~*~tactically~*~*~ (stealth).
  1961 | D:3      | 1961 ||| Stepping ~*~*~tactically~*~*~ (stealth).
  2166 | D:3      | Noticed a scorpion
  2178 | D:3      | Killed a scorpion
  2179 | D:3      | Reached XP level 5. HP: 31/45 MP: 4/4
  2446 | D:3      | Found a hazy altar of Hepliaklqana.
  2525 | D:3      | 2525 ||| UPGRADING to +0 chain mail.
  2535 | D:3      | 2535 ||| DROPPING +0 leather armour.
  2536 | D:3      | 2536 ||| READING scroll labelled VUETO KUIS UXKE.
  2540 | D:3      | 2540 ||| READING scroll labelled LIFFOKHL QUSAD.
  2541 | D:3      | 2541 ||| READING scroll labelled HUSILL VUOSE.
  2542 | D:3      | 2542 ||| DRINKING 2 yellow potions.
  2543 | D:3      | 2543 ||| DROPPING potion of degeneration.
  2561 | D:4      | 2561 ||| PLANNING SEWER
  2578 | D:4      | Noticed a centaur
  2582 | D:4      | Reached *** piety under Trog
  2585 | D:4      | Killed a centaur
  2586 | D:4      | Reached skill level 7 in Axes
  2660 | D:4      | Reached XP level 6. HP: 44/52 MP: 5/5
  2660 | D:4      | 2660 ||| FLEEEEING.
  2661 | D:4      | 2661 ||| FLEEEEING.
  2662 | D:4      | 2662 ||| FLEEEEING.
  2663 | D:4      | 2663 ||| FLEEEEING.
  2664 | D:4      | 2664 ||| FLEEEEING.
  2665 | D:4      | 2665 ||| FLEEEEING.
  2666 | D:4      | 2666 ||| FLEEEEING.
  2667 | D:4      | 2667 ||| FLEEEEING.
  2668 | D:4      | 2668 ||| FLEEEEING.
  2669 | D:4      | 2669 ||| FLEEEEING.
  2670 | D:4      | 2670 ||| FLEEEEING.
  2672 | D:4      | 2672 ||| STAIRDANCE
  2705 | D:4      | 2705 ||| STAIRDANCE
  2761 | D:4      | 2761 ||| Stepping ~*~*~tactically~*~*~ (stealth).
  2794 | D:4      | 2794 ||| Stepping ~*~*~tactically~*~*~ (stealth).
  2810 | D:4      | Reached skill level 8 in Axes
  2816 | D:4      | 2816 ||| INVOKING Berserk.
  2899 | D:4      | 2899 ||| FLEEEEING.
  2900 | D:4      | 2900 ||| FLEEEEING.
  2901 | D:4      | 2901 ||| FLEEEEING.
  2905 | D:4      | 2905 ||| FLEEEEING.
  2957 | D:4      | 2957 ||| INVOKING Berserk.
  3068 | D:4      | Noticed Eustachio
  3074 | D:4      | 3074 ||| INVOKING Berserk.
  3094 | D:4      | HP: 10/52 [white imp/puff of frost[Eustachio] (9)]
  3095 | D:4      | 3095 ||| READING scroll of teleportation.
  3095 | D:4      | HP: 4/52 [white imp[Eustachio] (2)]
  3095 | D:4      | Slain by a white imp

Levels and vault maps discovered:
D:1:      scummos_arrival_simple_fountains, layout_basic, serial_forest,
          infiniplex_forest_lined_corner, infiniplex_forest_clump_small,
          infiniplex_forest_lined_3, infiniplex_forest_lined_room_2,
          infiniplex_forest_lined_ring, infiniplex_forest_lined_2
D:2:      layout_rooms, hellmonk_ecumenical_altar_slurped_away, hex_intersection
D:3:      layout_loops_ring, mainiacjoe_overflow_surrounded_room
D:4:      minmay_polygon_palace, layout_rooms, minmay_temple_entry_slanted,
          cheibrodos_sewer_entry_sluice, kennysheep_generic_room_14,
          uniq_eustachio

Skill      XL: |  1  2  3  4  5  6 |
---------------+-------------------+-----
Axes           | 4 5 6 7 8 |  8.6
Throwing       | 1 |  1.0
Fighting       | 4 |  4.2
Armour         | |  2.4
Dodging        | |  2.1

Action                   |  1- 3 |  4- 6 || total
-------------------------+-------+-------++-------
Melee: Hand axe          |    82 |    94 ||   176
       Headbutt          |    11 |    11 ||    22
       Punch             |       |     2 ||     2
Throw: Javelin           |    24 |     8 ||    32
Invok: Berserk           |       |     3 ||     3
  Use: Scroll            |     5 |     5 ||    10
       Potion            |       |     1 ||     1
Armor: Animal skin       |     4 |       ||     4
       Leather armour    |    15 |    10 ||    25
       Chain mail        |       |    39 ||    39
Dodge: Dodged            |    45 |    41 ||    86

Table legend:
 A = Non-vault XP
 B = Vault XP
 C = Vault XP percentage of total XP
 D = Non-vault monster count
 E = Vault monster count
 F = Vault count percentage of total count
                 A         B        C        D         E       F
            +---------+---------+-------+---------+---------+-------
      Total |     445 |     147 |  24.8 |      75 |      11 |  12.8
            +---------+---------+-------+---------+---------+-------
        D:1 |      57 |       0 |   0.0 |      32 |       0 |   0.0
        D:2 |      47 |       2 |   4.1 |      21 |       1 |   4.5
        D:3 |     103 |       3 |   2.8 |      14 |       2 |  12.5
        D:4 |     238 |     142 |  37.4 |       8 |       8 |  50.0
            +---------+---------+-------+---------+---------+-------
